[Event "ICC tourney 2595 (40 10)"]
[Site "Internet Chess Club"]
[Date "2021.06.05"]
[Round "5"]
[White "DESHPANDE, SARTHAK YASHODHAN:King2012"]
[Black "PU, GAVIN:ChessG2011"]
[Result "1-0"]
[ICCResult "Black resigns"]
[WhiteElo "1457"]
[BlackElo "1115"]
[Opening "Giuoco Pianissimo"]
[ECO "C50"]
[NIC "IG.02"]
[Time "20:01:15"]
[PlyCount "97"]
[TimeControl "2400+10"]

1. e4 e5 2. Nf3 Nc6 3. Bc4 Bc5 4. d3 h6 5. Nc3 Nf6 6. O-O d6 7. h3 O-O 8.
Na4 Bb6 9. Nxb6 axb6 10. c3 Be6 11. Bxe6 fxe6 12. Qb3 Qe7 13. Re1 Nh5 14.
d4 exd4 15. cxd4 Qd7 16. d5 exd5 17. Qxd5+ Qf7 18. Qxf7+ Rxf7 19. Bd2 Re7
20. Bc3 Rae8 21. Nd2 Ne5 22. Bxe5 Rxe5 23. Rac1 c6 24. f3 d5 25. Kf2 Nf6
26. exd5 Rxe1 27. Rxe1 Rxe1 28. Kxe1 Nxd5 29. Kf2 Kf7 30. Nc4 Ke6 31. Kg3
b5 32. Na5 Nb4 33. a3 Nd3 34. b4 Ne5 35. Nxb7 Nc4 36. Nc5+ Kd5 37. a4 Nd6
38. a5 Kc4 39. a6 Nc8 40. a7 Nxa7 41. Na6 Nc8 42. Kf4 Nd6 43. Ke5 Ne8 44.
Ke6 g5 45. Kf7 Nd6+ 46. Kg6 Kd4 47. Kxh6 Nf7+ 48. Kg6 Ne5+ 49. Kxg5 { Black
resigns } 1-0

[Event "ICC tourney 2595 (40 10)"]
[Site "Internet Chess Club"]
[Date "2021.06.05"]
[Round "5"]
[White "CHANDRA, MAURYA:maurya18"]
[Black "ROUTRAY, NIRMALYA:NIRMALYA01"]
[Result "0-1"]
[ICCResult "White resigns"]
[WhiteElo "1269"]
[BlackElo "797"]
[Opening "Sicilian: Labourdonnais-Löwenthal variation"]
[ECO "B32"]
[NIC "SI.32"]
[Time "20:01:52"]
[PlyCount "80"]
[TimeControl "2400+10"]

1. e4 c5 2. Nf3 Nc6 3. d4 cxd4 4. Nxd4 e5 5. Nxc6 bxc6 6. Bc4 Nf6 7. Qd3 d5
8. exd5 cxd5 9. Bb5+ Bd7 10. Bxd7+ Qxd7 11. O-O Bc5 12. Nc3 O-O 13. Bg5 e4
14. Qd1 Rad8 15. Bxf6 gxf6 16. Qh5 Kh8 17. Rad1 Qe6 18. Rxd5 Rxd5 19. Qxd5
Qxd5 20. Nxd5 f5 21. b4 Bb6 22. Re1 Rd8 23. Nxb6 axb6 24. c4 Rd2 25. Rc1
Rxa2 26. c5 bxc5 27. bxc5 Ra7 28. Kf1 Kg7 29. Ke2 Kf6 30. Ke3 Ke5 31. f4+
Kd5 32. h3 Rc7 33. g4 Rxc5 34. Rxc5+ Kxc5 35. gxf5 Kd5 36. h4 f6 37. h5 h6
38. Ke2 Kd4 39. Kd2 e3+ 40. Ke2 Ke4 { White resigns } 0-1

[Event "ICC tourney 2595 (40 10)"]
[Site "Internet Chess Club"]
[Date "2021.06.05"]
[Round "5"]
[White "PANIKKATH, ADITYA:K09-30103787"]
[Black "KALAGA, ASHISH:amazingashishk"]
[Result "0-1"]
[ICCResult "White resigns"]
[WhiteElo "546"]
[BlackElo "1165"]
[Opening "Sicilian: Pelikan (Lasker/Sveshnikov) variation"]
[ECO "B33"]
[NIC "SI.35"]
[Time "20:01:19"]
[PlyCount "86"]
[TimeControl "2400+10"]

1. e4 c5 2. Nf3 Nc6 3. d4 cxd4 4. Nxd4 Nf6 5. Nc3 e5 6. Nxc6 bxc6 7. Bc4
Bb4 8. Bd2 Bxc3 9. Bxc3 Nxe4 10. Qf3 d5 11. Bb3 O-O 12. O-O Ng5 13. Qg3 d4
14. Bb4 Re8 15. Rfe1 e4 16. Qf4 e3 17. fxe3 dxe3 18. Rxe3 Rxe3 19. Qxe3 Ba6
20. Bc3 h6 21. Qe5 Qf6 22. Qa5 Qf4 23. Qxa6 Ne4 24. Rf1 Qe3+ 25. Kh1 Nf2+
26. Rxf2 Qxf2 27. h3 Rd8 28. Bd2 Rxd2 29. Qc8+ Kh7 30. Qg4 f5 31. Qf3 Qxf3
32. gxf3 g5 33. a4 a5 34. Be6 Kg6 35. Bb3 c5 36. Kg1 h5 37. Kf1 g4 38. hxg4
fxg4 39. fxg4 hxg4 40. Ke1 Rh2 41. Be6 g3 42. Kf1 Rxc2 43. Bh3 Rxb2 { White
resigns } 0-1

[Event "ICC tourney 2595 (40 10)"]
[Site "Internet Chess Club"]
[Date "2021.06.05"]
[Round "5"]
[White "XUE, JACK:K03-17241051"]
[Black "PARK, JOSHUA:K05-16451732"]
[Result "1-0"]
[ICCResult "Black checkmated"]
[WhiteElo "825"]
[BlackElo "376"]
[Opening "Van't Kruijs opening"]
[ECO "A00"]
[Time "20:01:19"]
[PlyCount "131"]
[TimeControl "2400+10"]

1. e3 e5 2. d4 e4 3. c4 d5 4. Nc3 Nf6 5. cxd5 Nxd5 6. Nxe4 Bb4+ 7. Bd2
Bxd2+ 8. Qxd2 O-O 9. Bd3 Nc6 10. Nf3 Bf5 11. O-O Ncb4 12. Bb1 a5 13. a3
Bxe4 14. Bxe4 Nc6 15. Qd3 Qf6 16. Bxh7+ Kh8 17. e4 Nf4 18. e5 Qh6 19. Qe4
g6 20. Bxg6 Nxg6 21. d5 Nce7 22. Qd4 c6 23. e6+ Kg8 24. d6 Nf5 25. Qd3 Nfh4
26. e7 Rfb8 27. Nxh4 Nxh4 28. d7 Qg7 29. d8=Q+ Rxd8 30. exd8=Q+ Rxd8 31.
Qxd8+ Kh7 32. Qxh4+ Kg8 33. Qd8+ Kh7 34. Qxa5 Qxb2 35. Rfb1 Qc2 36. Qb6 Qd2
37. Qxb7 Qc2 38. Qxf7+ Kh6 39. Rc1 Qd2 40. Qf6+ Kh5 41. Qxc6 Kg5 42. Qc2
Qd4 43. Ra2 Kh5 44. Qe2+ Kg6 45. Qe6+ Kg5 46. Qe3+ Qxe3 47. fxe3 Kg4 48.
Rf2 Kg5 49. e4 Kg6 50. e5 Kg5 51. e6 Kg6 52. e7 Kg7 53. e8=B Kg8 54. a4 Kg7
55. a5 Kg8 56. a6 Kg7 57. a7 Kg8 58. a8=N Kg7 59. g4 Kg8 60. h4 Kg7 61. g5
Kg8 62. h5 Kg7 63. h6+ Kh7 64. Rc6 Kg8 65. Rc7 Kh8 66. Rf8# { Black
checkmated } 1-0

[Event "ICC tourney 2595 (40 10)"]
[Site "Internet Chess Club"]
[Date "2021.06.05"]
[Round "5"]
[White "DHURJATI, ANAGHA:amdink"]
[Black "SARAVANAN, ARJUN:arjunsaravanan"]
[Result "1-0"]
[ICCResult "Black checkmated"]
[WhiteElo "1337"]
[BlackElo "1152"]
[Opening "Caro-Kann: advance variation"]
[ECO "B12"]
[NIC "CK.04"]
[Time "20:01:44"]
[PlyCount "73"]
[TimeControl "2400+10"]

1. e4 c6 2. d4 d5 3. e5 Bf5 4. Nf3 e6 5. Nc3 Be7 6. Be3 Nd7 7. Be2 c5 8.
O-O cxd4 9. Nxd4 Nxe5 10. Nxf5 exf5 11. Nxd5 Nf6 12. Nxf6+ Bxf6 13. Bb5+
Nc6 14. Bc5 Qxd1 15. Raxd1 Be7 16. Bxc6+ bxc6 17. Rfe1 O-O 18. Rxe7 Rad8
19. Rxd8 Rxd8 20. h3 h6 21. Rxa7 Rd2 22. b4 Rxc2 23. a4 Rc4 24. a5 f6 25.
Rc7 Kh7 26. a6 Rc1+ 27. Kh2 Ra1 28. a7 Kg6 29. Rc8 Kh5 30. a8=Q g5 31. Qxa1
g4 32. hxg4+ fxg4 33. Kg1 Kg6 34. Rg8+ Kh7 35. Qxf6 Kxg8 36. Bd4 Kh7 37.
Qg7# { Black checkmated } 1-0

[Event "ICC tourney 2595 (40 10)"]
[Site "Internet Chess Club"]
[Date "2021.06.05"]
[Round "5"]
[White "PANGARIBUAN, JEREMY:jeremyp"]
[Black "KINKUS, SAM E:Grandslam34"]
[Result "1-0"]
[ICCResult "Black checkmated"]
[WhiteElo "1213"]
[BlackElo "565"]
[Opening "Scandinavian (center counter) defense"]
[ECO "B01"]
[NIC "SD.01"]
[Time "20:01:18"]
[PlyCount "51"]
[TimeControl "2400+10"]

1. e4 d5 2. exd5 Qxd5 3. Nc3 Qa5 4. d4 c6 5. Bd2 Qc7 6. Nf3 Nf6 7. Bc4 Bg4
8. O-O Nbd7 9. h3 Bxf3 10. Qxf3 e6 11. Rae1 Bd6 12. Ne4 Nxe4 13. Rxe4 Nf6
14. Ree1 Nd5 15. Bxd5 cxd5 16. Qxd5 Rd8 17. Qb5+ Qc6 18. Qb3 O-O 19. c4 Qc7
20. d5 exd5 21. cxd5 Rfe8 22. Bg5 Rxe1 23. Rxe1 Rd7 24. Re8+ Bf8 25. Qb4 f6
26. Qxf8# { Black checkmated } 1-0

[Event "ICC tourney 2595 (40 10)"]
[Site "Internet Chess Club"]
[Date "2021.06.05"]
[Round "5"]
[White "SHAMALOV, NATHAN:Nathan-Shamalov"]
[Black "Rai, Vedant:VedantRai"]
[Result "1-0"]
[ICCResult "Black resigns"]
[WhiteElo "1191"]
[BlackElo "764"]
[Opening "Ponziani: Jaenisch counter-attack"]
[ECO "C44"]
[NIC "KP.05"]
[Time "20:01:34"]
[PlyCount "83"]
[TimeControl "2400+10"]

1. e4 e5 2. Nf3 Nc6 3. c3 Nf6 4. d4 exd4 5. e5 Ng4 6. cxd4 f6 7. h3 Nh6 8.
exf6 Qxf6 9. Qe2+ Be7 10. Bg5 Qf7 11. Nc3 O-O 12. Bxe7 Qxe7 13. Qxe7 Nxe7
14. O-O-O b6 15. Bd3 Bb7 16. Rhe1 Bxf3 17. gxf3 Nc6 18. Bc4+ Kh8 19. d5 Na5
20. Bb5 c6 21. dxc6 dxc6 22. Bd3 Rxf3 23. Re3 Rxe3 24. fxe3 Re8 25. Be4 c5
26. Rd7 Nc4 27. Rxa7 Nxe3 28. Bc6 Rd8 29. Rb7 Nhf5 30. Rxb6 Nd4 31. Bd7 h6
32. Bb5 Nxb5 33. Rxb5 Rc8 34. Ne4 c4 35. Rc5 Rxc5 36. Nxc5 g5 37. a4 h5 38.
a5 g4 39. hxg4 hxg4 40. Ne4 Kh7 41. a6 Kh6 42. a7 { Black resigns } 1-0

[Event "ICC tourney 2595 (40 10)"]
[Site "Internet Chess Club"]
[Date "2021.06.05"]
[Round "5"]
[White "REN, JOCELYN:K05-16899282"]
[Black "KORLIMARLA, ANISH:Anishkor"]
[Result "0-1"]
[ICCResult "White checkmated"]
[WhiteElo "1102"]
[BlackElo "1338"]
[Opening "Ruy Lopez: exchange variation, 5.O-O"]
[ECO "C68"]
[NIC "RL.08"]
[Time "20:01:31"]
[PlyCount "46"]
[TimeControl "2400+10"]

1. e4 e5 2. Nf3 Nc6 3. Bb5 a6 4. Bxc6 dxc6 5. O-O Nf6 6. Nxe5 Bd6 7. Nc4
Bc5 8. d3 Bg4 9. Qd2 O-O 10. Nc3 Re8 11. h3 Be6 12. Ne3 Qd7 13. Ne2 Rad8
14. Ng3 h5 15. Qe2 h4 16. Ngf5 Bxf5 17. exf5 Qxf5 18. b3 Qe5 19. Rb1 Bd6
20. f4 Qd4 21. Rf3 Bxf4 22. Qf2 Nd5 23. Nxd5 Re1# { White checkmated } 0-1

[Event "ICC tourney 2595 (40 10)"]
[Site "Internet Chess Club"]
[Date "2021.06.05"]
[Round "5"]
[White "VADHER, DEVAJ MAYANK:DevajVadher"]
[Black "KNAPP, DANIEL:trawglodyte"]
[Result "1-0"]
[ICCResult "Black checkmated"]
[WhiteElo "997"]
[BlackElo "1198"]
[Opening "Giuoco Pianissimo: Italian four knights variation"]
[ECO "C55"]
[NIC "IG.01"]
[Time "20:01:35"]
[PlyCount "37"]
[TimeControl "2400+10"]

1. e4 e5 2. Nf3 Nc6 3. Bc4 Nf6 4. d3 Bc5 5. Nc3 d6 6. h3 Be6 7. Bb3 O-O 8.
Bg5 Nd4 9. Nxd4 Bxd4 10. O-O h6 11. Bh4 g5 12. Bg3 Qd7 13. Qf3 Kg7 14. Rab1
a6 15. Ne2 d5 16. Nxd4 exd4 17. Be5 Rae8 18. Qxf6+ Kh7 19. Qg7# { Black
checkmated } 1-0

[Event "ICC tourney 2595 (40 10)"]
[Site "Internet Chess Club"]
[Date "2021.06.05"]
[Round "5"]
[White "YAN, RAYNA:K01-30157975"]
[Black "Yang, Leah:Leahyang0713"]
[Result "1-0"]
[ICCResult "Black checkmated"]
[WhiteElo "927"]
[BlackElo "588"]
[Opening "Giuoco Piano"]
[ECO "C54"]
[NIC "IG.02"]
[Time "20:01:30"]
[PlyCount "57"]
[TimeControl "2400+10"]

1. e4 e5 2. Nf3 Nc6 3. Bc4 Bc5 4. c3 Nf6 5. d4 exd4 6. cxd4 Bb4+ 7. Bd2
Bxd2+ 8. Nbxd2 d5 9. exd5 Nxd5 10. Qb3 Nce7 11. O-O O-O 12. Rfe1 c6 13. a4
b6 14. Ne4 Bd7 15. Rad1 a6 16. Bd3 b5 17. axb5 axb5 18. Nc5 Ra7 19. Nxd7
Rxd7 20. Qc2 Nb4 21. Bxh7+ Kh8 22. Qe4 f5 23. Qh4 Rf6 24. Bg6+ Kg8 25. Qh7+
Kf8 26. Qh8+ Ng8 27. Bh7 Kf7 28. Ng5+ Kf8 29. Qxg8# { Black checkmated }
1-0

[Event "ICC tourney 2595 (40 10)"]
[Site "Internet Chess Club"]
[Date "2021.06.05"]
[Round "5"]
[White "Sun, Nathan Haojia:nathansun123"]
[Black "HECHT, HENRY:Henhec1001"]
[Result "1-0"]
[ICCResult "Black checkmated"]
[WhiteElo "794"]
[BlackElo "1365"]
[Opening "Sicilian: Anderssen variation"]
[ECO "B41"]
[NIC "SI.41"]
[Time "20:01:20"]
[PlyCount "155"]
[TimeControl "2400+10"]

1. e4 c5 2. Nf3 e6 3. d4 cxd4 4. Nxd4 Nf6 5. Nc3 Nc6 6. Nxc6 bxc6 7. Bd3
Bb4 8. Bd2 d5 9. exd5 cxd5 10. a3 Be7 11. Bb5+ Bd7 12. Bxd7+ Qxd7 13. O-O
O-O 14. Qe2 a6 15. Nd1 Ne4 16. Be3 d4 17. Qd3 Qc6 18. Qxd4 Bc5 19. Qc4 Rfc8
20. b4 Bxe3 21. Qxc6 Rxc6 22. Nxe3 g6 23. f3 Nd2 24. Rfd1 Nc4 25. Nxc4 Rxc4
26. Rdc1 Rac8 27. Ra2 Rc3 28. Kf2 f5 29. Ke2 e5 30. Kd2 Kf7 31. Rb1 e4 32.
fxe4 fxe4 33. Re1 R3c4 34. Re3 Ke6 35. c3 Kf5 36. g3 g5 37. Ra1 h5 38. a4
Ke5 39. b5 axb5 40. axb5 Rb8 41. Rb1 Kd5 42. b6 Kc6 43. b7 Rxb7 44. Rxb7
Kxb7 45. Kc2 Kc6 46. Kb3 Kd5 47. Re2 Rc5 48. Rd2+ Ke5 49. Kb4 e3 50. Re2
Rc7 51. Rxe3+ Kf5 52. c4 Kg4 53. c5 Kh3 54. Re2 h4 55. gxh4 gxh4 56. Kb5
Rg7 57. c6 Rg2 58. Rxg2 Kxg2 59. c7 Kxh2 60. c8=Q h3 61. Qc2+ Kg1 62. Qd1+
Kh2 63. Qe2+ Kg1 64. Qe3+ Kh2 65. Kc4 Kg2 66. Qe2+ Kg3 67. Qf1 h2 68. Qh1
Kh3 69. Kd3 Kg3 70. Ke3 Kh3 71. Kf3 Kh4 72. Qxh2+ Kg5 73. Qf4+ Kg6 74. Kg4
Kh7 75. Qg5 Kh8 76. Kf5 Kh7 77. Kf6 Kh8 78. Qg7# { Black checkmated } 1-0

[Event "ICC tourney 2595 (40 10)"]
[Site "Internet Chess Club"]
[Date "2021.06.05"]
[Round "5"]
[White "Zong, Ivan:ivanzong"]
[Black "ZENG, CALEB:calebzeng"]
[Result "1-0"]
[ICCResult "Black checkmated"]
[WhiteElo "1300"]
[BlackElo "946"]
[Opening "Queen's pawn game"]
[ECO "D05"]
[NIC "QP.08"]
[Time "20:01:52"]
[PlyCount "65"]
[TimeControl "2400+10"]

1. d4 d5 2. e3 e6 3. Nf3 Nf6 4. Bd3 Bd6 5. b3 b6 6. Bb2 Bb7 7. Nbd2 Nbd7 8.
O-O O-O 9. Ne5 Ne4 10. f3 Nxd2 11. Qxd2 f6 12. Nxd7 Qxd7 13. c4 c5 14. cxd5
exd5 15. dxc5 Bxc5 16. Rfe1 d4 17. Bxd4 Bxd4 18. Bc4+ Kh8 19. Qxd4 Qf5 20.
e4 Qe5 21. Rad1 Qa5 22. Qd7 Ba6 23. Bxa6 Qxa6 24. a4 Qa5 25. Qd2 Qc5+ 26.
Qe3 Qe7 27. e5 Rfe8 28. e6 Rad8 29. Rd7 Rxd7 30. exd7 Qxe3+ 31. Rxe3 Rd8
32. Re8+ Rxe8 33. dxe8=Q# { Black checkmated } 1-0

[Event "ICC tourney 2595 (40 10)"]
[Site "Internet Chess Club"]
[Date "2021.06.05"]
[Round "5"]
[White "Yang, Daniel Benji:DanielYang99"]
[Black "GUAN , TSZ YEUNG:DanielGuan"]
[Result "1-0"]
[ICCResult "Black resigns"]
[WhiteElo "815"]
[BlackElo "1346"]
[Opening "Sicilian: Richter-Rauzer, Margate (Alekhine) variation"]
[ECO "B62"]
[NIC "SI.27"]
[Time "20:01:51"]
[PlyCount "117"]
[TimeControl "2400+10"]

1. e4 c5 2. Nf3 Nc6 3. d4 cxd4 4. Nxd4 d6 5. Nc3 Nf6 6. Bg5 e6 7. Bb5 Bd7
8. O-O Be7 9. Be3 O-O 10. Bd3 Ne5 11. h3 Nxd3 12. Qxd3 Bc6 13. Rad1 d5 14.
e5 Nd7 15. f4 Bc5 16. a3 Nb6 17. Kh1 Nc4 18. Nxc6 Nxe3 19. Nxd8 Raxd8 20.
f5 Nxd1 21. Rxd1 a6 22. f6 gxf6 23. Qg3+ Kh8 24. exf6 Rg8 25. Qc7 Bd6 26.
Qxb7 Be5 27. Qxa6 Bxf6 28. Qf1 Rg6 29. Rd3 Rb8 30. Rf3 Kg7 31. Na4 Rb7 32.
Qd3 Ra7 33. b3 Rd7 34. Rg3 e5 35. Rxg6+ hxg6 36. Qg3 e4 37. Nc5 Re7 38. Qe3
d4 39. Qxe4 Rxe4 40. Nxe4 Be7 41. a4 f5 42. Nd2 Kf6 43. Kg1 Ke5 44. Kf1 Bb4
45. Ke2 Bc3 46. Kd3 g5 47. Nc4+ Kd5 48. a5 Bb4 49. a6 Bc5 50. b4 Ba7 51. b5
Kc5 52. b6 Bxb6 53. Nxb6 Kxb6 54. Kxd4 Kxa6 55. Ke5 Kb5 56. Kxf5 Kc4 57.
Kxg5 Kc3 58. h4 Kxc2 59. h5 { Black resigns } 1-0

[Event "ICC tourney 2595 (40 10)"]
[Site "Internet Chess Club"]
[Date "2021.06.05"]
[Round "5"]
[White "PEESA, RAHUL:RahulPeesa"]
[Black "SISTA, SAI VIJAY HIMAGHNA:Chessboy5"]
[Result "1-0"]
[ICCResult "Black checkmated"]
[WhiteElo "1341"]
[BlackElo "1135"]
[Opening "Queen's pawn: English defense"]
[ECO "A40"]
[NIC "QO.17"]
[Time "20:01:43"]
[PlyCount "125"]
[TimeControl "2400+10"]

1. d4 b6 2. Bf4 Bb7 3. e3 e6 4. Nf3 c5 5. c3 Nc6 6. Nbd2 Nf6 7. Bd3 d5 8.
O-O Bd6 9. Bxd6 Qxd6 10. Re1 c4 11. Bc2 O-O 12. e4 Qc7 13. e5 Nd7 14. Bxh7+
Kxh7 15. Ng5+ Kg8 16. Qh5 Rfe8 17. Qxf7+ Kh8 18. Qh5+ Kg8 19. Qh7+ Kf8 20.
Qh8+ Ke7 21. Qxg7+ Kd8 22. Nf7+ Ke7 23. Nd6+ Kd8 24. Nxe8 Kxe8 25. Qg8+ Ke7
26. Qg5+ Ke8 27. Re3 Nf8 28. Rf3 Qe7 29. Qh5+ Kd7 30. Rf7 Qxf7 31. Qxf7+
Ne7 32. Re1 Bc6 33. Nf3 Ng6 34. Ng5 Nf8 35. f4 Re8 36. h4 Kd8 37. Nxe6+
Nxe6 38. Qxe6 Bd7 39. Qd6 Kc8 40. Qa3 Kb7 41. Kf2 Bc6 42. g4 Ng6 43. Kg3
Ne7 44. f5 Bd7 45. Kf4 Rh8 46. h5 Nc6 47. Qd6 Kc8 48. e6 Be8 49. Qxd5 Ne7
50. Qa8+ Kc7 51. Qxa7+ Kd8 52. Qxb6+ Kc8 53. Qc5+ Kd8 54. d5 Bxh5 55. gxh5
Rxh5 56. Qd6+ Ke8 57. Qd7+ Kf8 58. Qd8+ Kg7 59. Qxe7+ Kh6 60. Qf6+ Kh7 61.
Qf7+ Kh6 62. Qxh5+ Kxh5 63. Rh1# { Black checkmated } 1-0

[Event "ICC tourney 2595 (40 10)"]
[Site "Internet Chess Club"]
[Date "2021.06.05"]
[Round "5"]
[White "Maddipati, Srihas:srihassm"]
[Black "MADSEN, STUART:gmstuartscott"]
[Result "1-0"]
[ICCResult "Black checkmated"]
[WhiteElo "750"]
[BlackElo "823"]
[Opening "Scotch opening"]
[ECO "C44"]
[NIC "KP.10"]
[Time "20:01:35"]
[PlyCount "47"]
[TimeControl "2400+10"]

1. e4 e5 2. Nf3 Nc6 3. d4 d6 4. dxe5 Nxe5 5. Nxe5 Qe7 6. Nf3 Nf6 7. Be2
Nxe4 8. O-O Bg4 9. Re1 O-O-O 10. Nd4 Nxf2 11. Bxg4+ Nxg4 12. Qxg4+ Kb8 13.
Rxe7 Bxe7 14. Nc3 d5 15. Bf4 Ka8 16. Ncb5 Bc5 17. Nxc7+ Kb8 18. Na6+ Ka8
19. Nxc5 a5 20. Qxg7 Rhe8 21. Qxf7 Rb8 22. Bxb8 Rxb8 23. Qc7 h6 24. Qxa5# {
Black checkmated } 1-0

[Event "ICC tourney 2595 (40 10)"]
[Site "Internet Chess Club"]
[Date "2021.06.05"]
[Round "5"]
[White "LI, MASON:iamlifamily"]
[Black "DEBMISRA, ARIV:arivdeb"]
[Result "1-0"]
[ICCResult "Black resigns"]
[WhiteElo "1266"]
[BlackElo "761"]
[Opening "Queen's pawn: London system"]
[ECO "A45"]
[NIC "QP.07"]
[Time "20:01:28"]
[PlyCount "69"]
[TimeControl "2400+10"]

1. d4 Nf6 2. Bf4 c5 3. c3 e6 4. e3 d5 5. Nf3 Nc6 6. Nbd2 Be7 7. Be2 O-O 8.
O-O Bd6 9. Bg3 Bxg3 10. hxg3 Qd6 11. Nb3 cxd4 12. cxd4 e5 13. dxe5 Nxe5 14.
Nxe5 Qxe5 15. Qd4 Qg5 16. Bf3 Bg4 17. Nd2 Bxf3 18. Nxf3 Qf5 19. Rac1 Ng4
20. Rfd1 Rad8 21. Rc5 Nf6 22. Rc7 Rfe8 23. Rxb7 Re4 24. Qxa7 Qh5 25. Rb8
Rf8 26. Rxf8+ Kxf8 27. Qc5+ Kg8 28. a4 h6 29. a5 Rc4 30. Qb5 Qf5 31. b3 Qc2
32. Rf1 Rc3 33. b4 Ne4 34. Qxd5 Rb3 35. Nd4 { Black resigns } 1-0

[Event "ICC tourney 2595 (40 10)"]
[Site "Internet Chess Club"]
[Date "2021.06.05"]
[Round "5"]
[White "GANAPATHY, AISHWARYA LAKSHMI:alg142"]
[Black "VALISEKKAGARI, SAICHARAN:K06-16250885"]
[Result "0-1"]
[ICCResult "White resigns"]
[WhiteElo "973"]
[BlackElo "1393"]
[Opening "King's Indian: 4.e4"]
[ECO "E70"]
[NIC "KI.31"]
[Time "20:01:31"]
[PlyCount "92"]
[TimeControl "2400+10"]

1. d4 Nf6 2. c4 g6 3. Nc3 Bg7 4. e4 d6 5. Bd3 Nbd7 6. Nge2 e5 7. d5 O-O 8.
b4 a5 9. bxa5 Rxa5 10. O-O Nc5 11. Bc2 b6 12. Nb5 Ra8 13. Ng3 Ba6 14. Be3
Ncd7 15. a4 Bb7 16. h3 Nb8 17. Qd2 Na6 18. Rfd1 Nd7 19. Bh6 Nac5 20. Bxg7
Kxg7 21. a5 Ba6 22. axb6 Nxb6 23. Qb4 Qd7 24. Rdb1 Rfb8 25. Qc3 Bxb5 26.
cxb5 Nc8 27. Rxa8 Rxa8 28. f4 f6 29. f5 Ne7 30. fxg6 Nxg6 31. Nf5+ Kh8 32.
b6 cxb6 33. Rxb6 Qa7 34. Qb2 Nd7 35. Nxd6 Nxb6 36. Nf7+ Kg7 37. Kh2 Kxf7
38. d6 Nd7 39. Qb3+ Kg7 40. Qe6 Nc5 41. Qd5 Rd8 42. g3 Nb7 43. Ba4 Rxd6 44.
Qc4 Qf2+ 45. Kh1 Nc5 46. Qb4 Rd2 { White resigns } 0-1

[Event "ICC tourney 2595 (40 10)"]
[Site "Internet Chess Club"]
[Date "2021.06.05"]
[Round "5"]
[White "BLIZNIUK, STANISLAW:Sbliz20"]
[Black "NAMBIAR, AARAV THILOP:AaravThilop"]
[Result "1-0"]
[ICCResult "Black checkmated"]
[WhiteElo "1176"]
[BlackElo "1450"]
[Opening "Sicilian: closed"]
[ECO "B23"]
[NIC "SI.44"]
[Time "20:01:26"]
[PlyCount "109"]
[TimeControl "2400+10"]

1. e4 c5 2. Nc3 d6 3. g3 Nf6 4. Bg2 Nc6 5. Nge2 Bg4 6. d3 e6 7. O-O Be7 8.
Be3 d5 9. exd5 exd5 10. d4 c4 11. h3 Bh5 12. g4 Bg6 13. Nf4 Be4 14. g5 Bxg2
15. gxf6 Bxf1 16. fxe7 Qxe7 17. Nfxd5 Qd7 18. Qxf1 O-O 19. Kh2 f5 20. Qg2
Rae8 21. Bg5 Nxd4 22. Rd1 Qd6+ 23. Bf4 Qc5 24. Be3 Qd6+ 25. Nf4 Qc6 26.
Rxd4 Qxg2+ 27. Kxg2 Rf7 28. Rxc4 a6 29. Nfd5 b5 30. Rc6 Ra8 31. Re6 h6 32.
Ne7+ Kh7 33. Kg3 g5 34. f4 gxf4+ 35. Kxf4 Raf8 36. Re5 Rf6 37. Ncd5 R6f7
38. Rxf5 Rxf5+ 39. Nxf5 Rc8 40. Nf6+ Kh8 41. Ke5 h5 42. c3 b4 43. cxb4 a5
44. bxa5 h4 45. Nxh4 Rc7 46. Ng6+ Kg7 47. Ne8+ Kxg6 48. Nxc7 Kh7 49. a6 Kg7
50. a7 Kh7 51. a8=Q Kg7 52. Ne6+ Kh7 53. Qa7+ Kg6 54. Qg7+ Kh5 55. Qh6# {
Black checkmated } 1-0

[Event "ICC tourney 2595 (40 10)"]
[Site "Internet Chess Club"]
[Date "2021.06.05"]
[Round "5"]
[White "SURIYAPRAKASH, SHRUTI:shrutisuriya"]
[Black "Chang, Linda:BairnOwl"]
[Result "0-1"]
[ICCResult "White checkmated"]
[WhiteElo "1049"]
[BlackElo "1354"]
[Opening "Scandinavian defense"]
[ECO "B01"]
[NIC "SD.03"]
[Time "20:01:45"]
[PlyCount "58"]
[TimeControl "2400+10"]

1. e4 d5 2. exd5 Nf6 3. Nf3 Bg4 4. Bb5+ Nbd7 5. Nc3 a6 6. Ba4 b5 7. Bb3 Nb6
8. d4 Nbxd5 9. Nxd5 Nxd5 10. c4 Nf6 11. Bg5 g6 12. cxb5 axb5 13. Bxf6 exf6
14. O-O Be7 15. h3 Bxf3 16. Qxf3 O-O 17. Rfd1 f5 18. a4 bxa4 19. Bxa4 Bf6
20. Qf4 Rb8 21. b3 Rb4 22. Qc1 Rxd4 23. Rb1 c5 24. Qc2 Qd6 25. Rbc1 Rd8 26.
Rxd4 Bxd4 27. Kh1 Qf4 28. f3 Be5 29. Qxc5 Qh2# { White checkmated } 0-1

[Event "ICC tourney 2595 (40 10)"]
[Site "Internet Chess Club"]
[Date "2021.06.05"]
[Round "5"]
[White "Kalaga, Aneesh:aneeshk"]
[Black "Xiao, Michael:michaelxiao"]
[Result "1-0"]
[ICCResult "Black resigns"]
[WhiteElo "1090"]
[BlackElo "1325"]
[Opening "Blackmar-Diemer: Euwe defense"]
[ECO "D00"]
[NIC "QP.08"]
[Time "20:01:52"]
[PlyCount "113"]
[TimeControl "2400+10"]

1. d4 d5 2. e4 dxe4 3. Nc3 Nf6 4. f3 exf3 5. Nxf3 e6 6. Bg5 Be7 7. Bb5+ Bd7
8. Bxd7+ Nbxd7 9. O-O O-O 10. Qd3 h6 11. Bxf6 Nxf6 12. Ne4 Rc8 13. Rad1 Qd7
14. Ne5 Qd8 15. Nxf6+ Bxf6 16. Qb5 b6 17. Nc6 Qd6 18. a4 a6 19. Qc4 a5 20.
c3 Bg5 21. Na7 Rcd8 22. Nb5 Qe7 23. Qxc7 Qxc7 24. Nxc7 Rd7 25. Nb5 Rfd8 26.
Rde1 Re7 27. Re4 Bf6 28. Kf2 Red7 29. g3 Rd5 30. Nc7 Rf5+ 31. Kg2 Rxf1 32.
Kxf1 Rd7 33. Nb5 Rd8 34. Ke2 Kf8 35. Kd3 e5 36. Kc4 exd4 37. Nxd4 Rd6 38.
Kb5 Bd8 39. Nc6 Bc7 40. Re7 Rd5+ 41. Ka6 Bd8 42. Re2 Bc7 43. Kb7 Rd7 44.
Kc8 Rd6 45. Kxc7 Rf6 46. Kxb6 g5 47. b4 axb4 48. cxb4 h5 49. a5 h4 50. gxh4
gxh4 51. a6 Rd6 52. a7 f5 53. a8=Q+ Kf7 54. Re7+ Kf6 55. Qf8+ Kg5 56. Rg7+
Kf4 57. Qxd6+ { Black resigns } 1-0

[Event "ICC tourney 2595 (40 10)"]
[Site "Internet Chess Club"]
[Date "2021.06.05"]
[Round "5"]
[White "SARAVIA, KYLE AUSTIN:Kyle45"]
[Black "JACOBS, STEVE:Steviejay"]
[Result "1-0"]
[ICCResult "Black resigns"]
[WhiteElo "1122"]
[BlackElo "1343"]
[Opening "Queen's gambit declined"]
[ECO "D30"]
[NIC "QP.08"]
[Time "20:01:23"]
[PlyCount "63"]
[TimeControl "2400+10"]

1. d4 d5 2. c4 e6 3. Qb3 Nf6 4. Bg5 Be7 5. e3 O-O 6. Nf3 Nbd7 7. cxd5 exd5
8. Nc3 c6 9. Bd3 Re8 10. O-O h6 11. Bh4 Bd6 12. Rae1 Qc7 13. Qc2 Nh5 14. e4
dxe4 15. Bxe4 Ndf6 16. Bh7+ Kh8 17. Rxe8+ Nxe8 18. Re1 Bd7 19. Ne4 Nef6 20.
Nxf6 Nxf6 21. Bxf6 gxf6 22. Bf5 Re8 23. Rxe8+ Bxe8 24. Qd2 Bf4 25. Qd3 Qd6
26. g3 Bc1 27. Qc2 Qd5 28. Be4 Qe6 29. Bd3 Qg4 30. Kg2 Bf4 31. Qc5 Qg5 32.
Nxg5 { Black resigns } 1-0